BSA
NEW YORK KNIGHTS @ PLYMOUTH ROCKS
06/30/2026
 
TOP OF THE 1ST
New York Knights batting - Pitching for Plymouth Rocks : RHP José Martínez
Pitching: RHP José Martínez
Batting: LHB Warren Potter 0-0: Ball
1-0: Called Strike
1-1: Fly out, F4 (Popup, 4S)
Batting: RHB Pepe Carrasco 0-0: Ball
1-0: Ball
2-0: Fly out, F8 (Flyball, 8RXD)
Batting: LHB Troy Donaldson 0-0: Foul Ball, location: 2F
0-1: Called Strike
0-2: Ball
1-2: Ball
2-2: Foul Ball, location: 2F
2-2: Foul Ball, location: 2F
2-2: Fly out, F8 (Flyball, 8LXD)
Top of the 1st over - 0 run(s), 0 hit(s), 0 error(s), 0 left on base; New York 0 - Plymouth 0
BOTTOM OF THE 1ST
Plymouth Rocks batting - Pitching for New York Knights : RHP Elton Johnston
Pitching: RHP Elton Johnston
Batting: RHB Luis Sánchez 0-0: Called Strike
0-1: Ball
1-1: Ground out 5-3 (Groundball, 5S)
Batting: RHB Andrés Lara 0-0: Ball
1-0: Foul Ball, location: 2F
1-1: Foul Ball, location: 2F
1-2: Ball
2-2: Ground out 4-3 (Groundball, 4M)
Batting: LHB Roy Patrick 0-0: Ball
1-0: Called Strike
1-1: Swinging Strike
1-2: Strikes out swinging
Bottom of the 1st over - 0 run(s), 0 hit(s), 0 error(s), 0 left on base; New York 0 - Plymouth 0
TOP OF THE 2ND
New York Knights batting - Pitching for Plymouth Rocks : RHP José Martínez
Batting: SHB Marvin Harris 0-0: Ball
1-0: Foul Ball, location: 2F
1-1: Swinging Strike
1-2: Ball
2-2: Foul Ball, location: 2F
2-2: Ball
3-2: Ground out 4-3 (Groundball, 4)
Batting: LHB Tom Waller 0-0: Foul Ball, location: 2F
0-1: Foul Ball, location: 2F
0-2: Ball
1-2: Foul Ball, location: 2F
1-2: Strikes out looking
Batting: RHB José Aguilera 0-0: Ball
1-0: Swinging Strike
1-1: Ball
2-1: Foul Ball, location: 2F
2-2: Ball
3-2: Strikes out swinging
Top of the 2nd over - 0 run(s), 0 hit(s), 0 error(s), 0 left on base; New York 0 - Plymouth 0
BOTTOM OF THE 2ND
Plymouth Rocks batting - Pitching for New York Knights : RHP Elton Johnston
Batting: SHB Greg Welch 0-0: Ball
1-0: Swinging Strike
1-1: Fly out, F8 (Line Drive, 8LM)
Batting: LHB Barrett Waters 0-0: Ground out 5-3 (Groundball, 15S)
Batting: RHB António Gonzáles 0-0: Ball
1-0: Ball
2-0: Ball
3-0: Called Strike
3-1: Ground out 6-3 (Groundball, 6)
Bottom of the 2nd over - 0 run(s), 0 hit(s), 0 error(s), 0 left on base; New York 0 - Plymouth 0
TOP OF THE 3RD
New York Knights batting - Pitching for Plymouth Rocks : RHP José Martínez
Batting: RHB Sixto Vélez 0-0: Foul Ball, location: 2F
0-1: Ball
1-1: Foul Ball, location: 2F
1-2: Strikes out looking
Batting: RHB Lonnie Anderson 0-0: Ball
1-0: Foul Ball, location: 2F
1-1: Ground out 6-3 (Groundball, 6M)
Batting: RHB Yasuhiko Sumita 0-0: Ball
1-0: Foul Ball, location: 2F
1-1: Ball
2-1: Foul Ball, location: 2F
2-2: Foul Ball, location: 2F
2-2: Ground out U3 (Groundball, 3)
Top of the 3rd over - 0 run(s), 0 hit(s), 0 error(s), 0 left on base; New York 0 - Plymouth 0
BOTTOM OF THE 3RD
Plymouth Rocks batting - Pitching for New York Knights : RHP Elton Johnston
Batting: LHB Roger Moore 0-0: Called Strike
0-1: Ball
1-1: Swinging Strike
1-2: Strikes out swinging
Batting: RHB Jorge Jiménez 0-0: Ground out U3 (Groundball, 3S)
Batting: RHB Anthony Rucker 0-0: Ball
1-0: Ball
2-0: Called Strike
2-1: Fly out, F7 (Flyball, 7M)
Bottom of the 3rd over - 0 run(s), 0 hit(s), 0 error(s), 0 left on base; New York 0 - Plymouth 0
TOP OF THE 4TH
New York Knights batting - Pitching for Plymouth Rocks : RHP José Martínez
Batting: LHB Warren Potter 0-0: Ground out U3 (Groundball, 3L)
Batting: RHB Pepe Carrasco 0-0: Ball
1-0: Ball
2-0: Ball
3-0: Called Strike
3-1: SINGLE (Line Drive, 89S)
Batting: LHB Troy Donaldson 0-0: Ball
1-0: Fielders Choice at 2nd, 4-6 (Groundball, 4)
Batting: SHB Marvin Harris 0-0: Ball
1-0: SINGLE (Line Drive, 6M)
Troy Donaldson to second
Batting: LHB Tom Waller 0-0: Ground out 2-3 (Groundball, 2L)
Top of the 4th over - 0 run(s), 2 hit(s), 0 error(s), 2 left on base; New York 0 - Plymouth 0
BOTTOM OF THE 4TH
Plymouth Rocks batting - Pitching for New York Knights : RHP Elton Johnston
Batting: RHB Luis Sánchez 0-0: Ball
1-0: Ground out 6-3 (Groundball, 6M)
Batting: RHB Andrés Lara 0-0: Ball
1-0: Foul Ball, location: 2F
1-1: Called Strike
1-2: Ground out 5-3 (Groundball, 5S)
Batting: LHB Roy Patrick 0-0: Called Strike
0-1: Called Strike
0-2: Ball
1-2: Foul Ball, location: 2F
1-2: Foul Ball, location: 2F
1-2: Foul Ball, location: 2F
1-2: Ground out 2-3 (Groundball, 25)
Bottom of the 4th over - 0 run(s), 0 hit(s), 0 error(s), 0 left on base; New York 0 - Plymouth 0
TOP OF THE 5TH
New York Knights batting - Pitching for Plymouth Rocks : RHP José Martínez
Batting: RHB José Aguilera 0-0: Ball
1-0: Ball
2-0: Foul Ball, location: 2F
2-1: Ball
3-1: Reached on error, E6 (Groundball, 6)
Batting: RHB Sixto Vélez 0-0: Ball
1-0: Ball
2-0: Foul Ball, location: 2F
2-1: Foul Ball, location: 2F
2-2: Foul Ball, location: 2F
2-2: Fly out, F8 (Flyball, 8LM)
Batting: RHB Lonnie Anderson 0-0: Ball
1-0: Called Strike
1-1: Called Strike
1-2: Ball
2-2: Grounds into double play, 4-6-3 (Groundball, 4)
Top of the 5th over - 0 run(s), 0 hit(s), 1 error(s), 0 left on base; New York 0 - Plymouth 0
BOTTOM OF THE 5TH
Plymouth Rocks batting - Pitching for New York Knights : RHP Elton Johnston
Batting: SHB Greg Welch 0-0: Called Strike
0-1: Foul Ball, location: 2F
0-2: Ball
1-2: Ball
2-2: Ball
3-2: Fly out, F7 (Flyball, 7D)
Batting: LHB Barrett Waters 0-0: Called Strike
0-1: Ball
1-1: SINGLE (Groundball, 34D)
Batting: RHB António Gonzáles 0-0: Ball
1-0: Fly out, F9 (Flyball, 9S)
Batting: LHB Roger Moore 0-0: Ball
1-0: 2-RUN HOME RUN (Flyball, 8RXD), Distance : 455 ft
Batting: RHB Jorge Jiménez 0-0: Called Strike
0-1: SINGLE (Groundball, 56D)
Batting: RHB Anthony Rucker 0-0: Foul Ball, location: 2F
0-1: Ball
1-1: Called Strike
1-2: Ball
2-2: Foul Ball, location: 2F
2-2: Fly out, F3 (Popup, 3F)
Bottom of the 5th over - 2 run(s), 3 hit(s), 0 error(s), 1 left on base; New York 0 - Plymouth 2
TOP OF THE 6TH
New York Knights batting - Pitching for Plymouth Rocks : RHP José Martínez
Batting: RHB Yasuhiko Sumita 0-0: Foul Ball, location: 2F
0-1: Ball
1-1: Ball
2-1: Swinging Strike
2-2: Strikes out swinging
Batting: LHB Warren Potter 0-0: SINGLE (Line Drive, 3D)
Batting: RHB Pepe Carrasco 0-0: Ball
1-0: Foul Ball, location: 2F
1-1: Fly out, F4 (Popup, 34)
Batting: LHB Troy Donaldson 0-0: Called Strike
0-1: Called Strike
0-2: Ball
Warren Potter is caught stealing 2nd base
Top of the 6th over - 0 run(s), 1 hit(s), 0 error(s), 0 left on base; New York 0 - Plymouth 2
BOTTOM OF THE 6TH
Plymouth Rocks batting - Pitching for New York Knights : RHP Elton Johnston
Batting: RHB Luis Sánchez 0-0: Ball
1-0: Called Strike
1-1: Ball
2-1: Foul Ball, location: 2F
2-2: Strikes out swinging
Batting: RHB Andrés Lara 0-0: Called Strike
0-1: SINGLE (Line Drive, 4D)
Batting: LHB Roy Patrick 0-0: Foul Ball, location: 2F
0-1: Ball
1-1: Ball
2-1: Foul Ball, location: 2F
2-2: Ball
3-2: SINGLE (Line Drive, 6M)
Andrés Lara to second
Andrés Lara to third
Batting: SHB Greg Welch 0-0: Ball
1-0: Called Strike
1-1: Ball
Roy Patrick is caught stealing 2nd base
2-1: Fly out, F4 (Popup, 34D)
Bottom of the 6th over - 0 run(s), 2 hit(s), 0 error(s), 1 left on base; New York 0 - Plymouth 2
TOP OF THE 7TH
New York Knights batting - Pitching for Plymouth Rocks : RHP José Martínez
Batting: LHB Troy Donaldson 0-0: Ball
1-0: Called Strike
1-1: Called Strike
1-2: Strikes out looking
Batting: SHB Marvin Harris 0-0: Ball
1-0: SOLO HOME RUN (Flyball, 9LD), Distance : 361 ft
Batting: LHB Tom Waller 0-0: Called Strike
0-1: Ball
1-1: Ball
2-1: Ground out 6-3 (Groundball, 6M)
Batting: RHB José Aguilera 0-0: Ball
1-0: Ball
2-0: Ball
3-0: Called Strike
3-1: Fly out, F9 (Flyball, 9S)
Top of the 7th over - 1 run(s), 1 hit(s), 0 error(s), 0 left on base; New York 1 - Plymouth 2
BOTTOM OF THE 7TH
Plymouth Rocks batting - Pitching for New York Knights : RHP Elton Johnston
Batting: LHB Barrett Waters 0-0: Ball
1-0: Called Strike
1-1: Fly out, F8 (Line Drive, 8RM)
Batting: RHB António Gonzáles 0-0: Called Strike
0-1: Ball
1-1: SINGLE (Groundball, 6MD)
Batting: LHB Roger Moore 0-0: Ball
1-0: Ball
2-0: SINGLE (Groundball, 3D)
António Gonzáles to second
Runner from 2nd tries for 3rd, SAFE, throw made to third
Batting: RHB Jorge Jiménez Pickoff Throw to First - Out!
0-0: Called Strike
0-1: Ground out 5-3 (Groundball, 15S)
Bottom of the 7th over - 0 run(s), 2 hit(s), 0 error(s), 1 left on base; New York 1 - Plymouth 2
TOP OF THE 8TH
New York Knights batting - Pitching for Plymouth Rocks : RHP José Martínez
Pitching: RHP Scot MacIntosh
Batting: RHB Sixto Vélez 0-0: Ball
1-0: Ball
2-0: Foul Ball, location: 2F
2-1: Foul Ball, location: 2F
2-2: Strikes out swinging
Pitching: RHP Jean Burrows
Batting: RHB Lonnie Anderson 0-0: Ball
1-0: Called Strike
1-1: Foul Ball, location: 2F
1-2: Ball
2-2: Strikes out swinging
Batting: RHB Yasuhiko Sumita 0-0: Called Strike
0-1: Ball
1-1: Swinging Strike
1-2: Ground out 4-3 (Groundball, 4)
Top of the 8th over - 0 run(s), 0 hit(s), 0 error(s), 0 left on base; New York 1 - Plymouth 2
BOTTOM OF THE 8TH
Plymouth Rocks batting - Pitching for New York Knights : RHP Elton Johnston
Pitching: LHP Leo Huggins
Batting: RHB Anthony Rucker 0-0: Ball
1-0: Swinging Strike
1-1: Fly out, F8 (Flyball, 8LXD)
Batting: RHB Luis Sánchez 0-0: Fly out, F7 (Flyball, 7D)
Batting: RHB Andrés Lara 0-0: Ball
1-0: Ball
2-0: Called Strike
2-1: Called Strike
2-2: Ball
3-2: Base on Balls
Batting: LHB Roy Patrick 0-0: Ball
Andrés Lara is caught stealing 2nd base
Bottom of the 8th over - 0 run(s), 0 hit(s), 0 error(s), 0 left on base; New York 1 - Plymouth 2
TOP OF THE 9TH
New York Knights batting - Pitching for Plymouth Rocks : RHP Jean Burrows
Pitching: RHP Lorenzo Ramos
Batting: LHB Warren Potter 0-0: Ball
1-0: Swinging Strike
1-1: Ball
2-1: Called Strike
2-2: Ball
3-2: SINGLE (Line Drive, 78S)
Pinch Hitting: LHB Pablo Rivas 0-0: Sac Bunt - play at first, batter OUT! 5-4
Warren Potter to second
Batting: LHB Troy Donaldson 0-0: Ball
1-0: SINGLE (Line Drive, 34D)
Warren Potter to third
Runner from 3rd tries for Home, SAFE, no throw or cutoff
Batting: SHB Marvin Harris 0-0: Called Strike
0-1: Ball
1-1: Foul Ball, location: 2F
1-2: Strikes out swinging
Batting: LHB Tom Waller 0-0: Called Strike
0-1: Swinging Strike
0-2: Ball
1-2: Ball
2-2: Ground out 1-3 (Groundball, 15S)
Top of the 9th over - 1 run(s), 2 hit(s), 0 error(s), 1 left on base; New York 2 - Plymouth 2
BOTTOM OF THE 9TH
Plymouth Rocks batting - Pitching for New York Knights : LHP Leo Huggins
Now at SS: Dan Hamilton
Batting: LHB Roy Patrick 0-0: Ball
1-0: Ball
2-0: Foul Ball, location: 2F
2-1: Swinging Strike
2-2: Foul Ball, location: 2F
2-2: Strikes out swinging
Batting: SHB Greg Welch 0-0: SINGLE (Groundball, 34)
Pinch Hitting: RHB Juan Valverde 0-0: Called Strike
0-1: Ground out 5-3 (Groundball, 56S)
Greg Welch to second
Batting: RHB António Gonzáles 0-0: Called Strike
0-1: Ball
1-1: Ball
2-1: Ball
3-1: Base on Balls
Pinch Hitting: RHB Tadakuni Sugiyama 0-0: Ball
1-0: Swinging Strike
1-1: Swinging Strike
1-2: Foul Ball, location: 2F
1-2: Strikes out swinging
Bottom of the 9th over - 0 run(s), 1 hit(s), 0 error(s), 2 left on base; New York 2 - Plymouth 2
TOP OF THE 10TH
New York Knights batting - Pitching for Plymouth Rocks : RHP Lorenzo Ramos
Now at 1B: Júlio Negrón
Now in CF: Jared Thompson
Batting: RHB José Aguilera 0-0: Called Strike
0-1: Foul Ball, location: 2F
0-2: Foul Ball, location: 2F
0-2: Ball
1-2: Foul Ball, location: 2F
1-2: Ball
2-2: Fly out, F7 (Flyball, 7M)
Batting: RHB Sixto Vélez 0-0: Called Strike
0-1: Called Strike
0-2: Strikes out swinging
Batting: RHB Lonnie Anderson 0-0: Ball
1-0: Ball
2-0: Ball
3-0: Called Strike
3-1: Called Strike
3-2: Foul Ball, location: 2F
3-2: Strikes out swinging
Top of the 10th over - 0 run(s), 0 hit(s), 0 error(s), 0 left on base; New York 2 - Plymouth 2
BOTTOM OF THE 10TH
Plymouth Rocks batting - Pitching for New York Knights : LHP Leo Huggins
Batting: RHB Jorge Jiménez 0-0: Foul Ball, location: 2F
0-1: Foul Ball, location: 2F
0-2: Strikes out swinging
Batting: RHB Anthony Rucker 0-0: Ball
1-0: Ball
2-0: Ball
3-0: Base on Balls
Batting: RHB Luis Sánchez 0-0: Ball
1-0: Called Strike
Anthony Rucker steals 2nd base
1-1: Intentional Walk
Batting: RHB Andrés Lara 0-0: Ball
1-0: Fly out, F9 (Flyball, 9D)
Runner from 2nd tags up, SAFE at 3rd, no throw
Pitching: RHP Felipe Rodríguez
Batting: LHB Roy Patrick 0-0: Foul Ball, location: 2F
0-1: Swinging Strike
0-2: Ball
1-2: Strikes out looking
Bottom of the 10th over - 0 run(s), 0 hit(s), 0 error(s), 2 left on base; New York 2 - Plymouth 2
TOP OF THE 11TH
New York Knights batting - Pitching for Plymouth Rocks : RHP Lorenzo Ramos
Pitching: RHP Soichiro Ikeda
Pinch Hitting: LHB Vincente Sáenz 0-0: Called Strike
0-1: Ball
1-1: Ball
2-1: Ball
3-1: Called Strike
3-2: Foul Ball, location: 2F
3-2: Foul Ball, location: 2F
3-2: Strikes out swinging
Batting: LHB Warren Potter 0-0: Ball
1-0: SINGLE (Groundball, 5S) (infield hit)
Batting: LHB Dan Hamilton 0-0: Swinging Strike
0-1: Ball
1-1: Foul Ball, location: 2F
1-2: Ball
Warren Potter is caught stealing 2nd base
2-2: Foul Ball, location: 2F
2-2: Foul Ball, location: 2F
2-2: SINGLE (Groundball, 34D)
Batting: LHB Troy Donaldson 0-0: Called Strike
Dan Hamilton steals 2nd base
0-1: Ball
1-1: SINGLE (Groundball, 34)
Dan Hamilton to third
Runner from 3rd tries for Home, SAFE, no throw or cutoff
Batting: SHB Marvin Harris 0-0: Ball
1-0: Called Strike
1-1: Ball
2-1: Ball
3-1: Base on Balls
Troy Donaldson to second
Pitching: LHP Carl Lewis
Batting: LHB Tom Waller 0-0: Called Strike
Marvin Harris is caught stealing 2nd base
Top of the 11th over - 1 run(s), 3 hit(s), 0 error(s), 0 left on base; New York 3 - Plymouth 2
BOTTOM OF THE 11TH
Plymouth Rocks batting - Pitching for New York Knights : RHP Felipe Rodríguez
Now at C: Richie Miller
Batting: SHB Greg Welch 0-0: SINGLE (Groundball, 34)
Batting: RHB Jared Thompson 0-0: Fly out, F8 (Flyball, 8RD)
Batting: RHB António Gonzáles 0-0: Ball
1-0: Called Strike
1-1: Ball
2-1: Fly out, F5 (Popup, 5F)
Batting: RHB Júlio Negrón 0-0: Ground out 4-3 (Groundball, 4)
Bottom of the 11th over - 0 run(s), 1 hit(s), 0 error(s), 1 left on base; New York 3 - Plymouth 2
Monday, December 5th, 2016 - OOTP Baseball 17.12 Build 75